 Dungeon Crawl Stone Soup version 0.30.1-9-gdf580d7c3d (webtiles) character file.

Game seed: 14549934405683202949

1832259 LordWeiramon the Acrobat (level 27, 268/268 HPs)
             Began as a Naga Artificer on Oct 7, 2023.
             Was the Champion of Cheibriados.
             Escaped with the Orb
             ... and 3 runes on Oct 8, 2023!
             The game lasted 04:00:52 (60499 turns).

LordWeiramon the Acrobat (Naga Artificer)          Turns: 60499, Time: 04:00:53

Health: 268/268    AC: 53    Str: 47    XL:     27
Magic:  25/25      EV: 29    Int: 33    God:    Cheibriados [******]
Gold:   8311       SH: 38    Dex: 36    Spells: 33/38 levels left

rFire   + + +        a - +8 demon trident (flame)
rCold   + + +        b - +8 tower shield {rC+}
rNeg    + . .        H - +11 plate armour "Vuqui" {Will++}
rPois   +            R - -2 hat of the Alchemist {rElec rPois rF+ rC+ rN+ Will+ rMut rCorr}
rElec   +            I - +4 dragonskin cloak
rCorr   +            e - +3 pair of gauntlets of War {Slay+5}
SInv    +            A - +3 barding
Will    +++++        s - amulet of Letacsig {Reflect rElec rF+ SH+5} Stlth
                     w - ring of the Cockroach {rC+ Str+5 Int+6}
HPRegen 0.64/turn    G - ring "Sodeam" {Fly AC+4 Str+4 Dex+2 Slay+3}
MPRegen 0.19/turn

%: reflection, resist mutation
@: flying, very slow
A: AC +9, large, see invisible, deformed body, poison resistance, slowness 2,
spit poison 1, naga tail 2, agile 1, fire resistance 1, low MP 2
0: Orb of Zot
}: 3/15 runes: serpentine, barnacled, silver
a: Spit Poison, Renounce Religion, Bend Time, Temporal Distortion, Slouch, Step
From Time


You escaped.
You worshipped Cheibriados.
Cheibriados was exalted by your worship.
You visited 10 branches of the dungeon, and saw 48 of its levels.
You also visited: Trove, Sewer, Ice Cave and Wizlab.

You collected 11683 gold pieces.
You spent 3372 gold pieces at shops.

Inventory:

Hand Weapons
 a - a +8 demon trident of flaming (weapon)
Missiles
 p - 6 throwing nets
 r - 38 boomerangs (quivered)
 K - a silver boomerang
 P - 12 silver javelins
 X - 31 javelins
Armour
 b - a +8 tower shield of cold resistance (worn)
 e - the +3 pair of gauntlets of War (worn) {Slay+5}
   (You found it on level 2 of the Snake Pit)

   Slay:      It affects your accuracy & damage with ranged weapons and melee
   (+5).
 A - a +3 barding (worn)
 H - the +11 plate armour "Vuqui" (worn) {Will++}
   (You found it on level 3 of the Elven Halls)

   Will:      It greatly increases your willpower.
 I - the +4 dragonskin cloak (worn)
   (You took it off Tiamat on level 3 of the Realm of Zot)

   Avatar's Aegis: It grants the wearer a chance to resist fire, cold, poison,
   electricity, acid, and negative energy.
 R - the -2 hat of the Alchemist (worn) {rElec rPois rF+ rC+ rN+ Will+ rMut rCorr}
   (You found it on level 5 of the Vaults)

   rF:        It protects you from fire.
   rC:        It protects you from cold.
   rElec:     It insulates you from electricity.
   rPois:     It protects you from poison.
   rN:        It protects you from negative energy.
   rCorr:     It protects you from acid and corrosion.
   rMut:      It protects you from mutation.
   Will:      It increases your willpower.
Jewellery
 s - the amulet of Letacsig (around neck) {Reflect rElec rF+ SH+5}
   (You found it in a treasure trove)

   [amulet of reflection]

   It reflects blocked missile attacks.
   rF:        It protects you from fire.
   rElec:     It insulates you from electricity.
   SH:        It affects your SH (+5).
 w - the ring of the Cockroach (left hand) {rC+ Str+5 Int+6}
   (You found it on level 2 of the Orcish Mines)

   [ring of intelligence]

   Str:       It affects your strength (+5).
   Int:       It affects your intelligence (+6).
   rC:        It protects you from cold.
 B - the ring "Keovuutz" {Drain Will+ Str+6 Int+3 Dex+3}
   (You took it off a deep elf knight on level 2 of the Elven Halls)

   [ring of strength]

   Str:       It affects your strength (+6).
   Int:       It affects your intelligence (+3).
   Dex:       It affects your dexterity (+3).
   Drain:     It drains your maximum health when unequipped.
   Will:      It increases your willpower.
 E - the ring of the Tortoise {AC+8}
   (You took it off a deep elf sorcerer on level 3 of the Elven Halls)

   [ring of protection]

   AC:        It affects your AC (+8).
 F - the ring "Ahemaz" {+Blink Int+6 Dex+3}
   (You found it on level 3 of the Elven Halls)

   [ring of intelligence]

   Int:       It affects your intelligence (+6).
   Dex:       It affects your dexterity (+3).
   +Blink:    It lets you blink.
 G - the ring "Sodeam" (right hand) {Fly AC+4 Str+4 Dex+2 Slay+3}
   (You bought it in a shop on level 2 of the Orcish Mines)

   [ring of protection]

   AC:        It affects your AC (+4).
   Str:       It affects your strength (+4).
   Dex:       It affects your dexterity (+2).
   Slay:      It affects your accuracy & damage with ranged weapons and melee
   (+3).
   Fly:       It grants you flight.
Wands
 c - a wand of flame (130)
 d - a wand of charming (64)
 y - a wand of polymorph (18)
 C - a wand of roots (53)
 N - a wand of mindburst (18)
 Q - a wand of light (31)
 V - a wand of digging (21)
Scrolls
 i - 4 scrolls of magic mapping
 l - 7 scrolls of fear
 n - 26 scrolls of teleportation
 u - 5 scrolls of blinking
 x - 2 scrolls of butterflies
 O - 9 scrolls of fog
 Z - 3 scrolls of silence
Potions
 f - 9 potions of ambrosia
 h - 10 potions of mutation
 k - 11 potions of curing
 o - 19 potions of attraction
 q - 8 potions of invisibility
 t - 5 potions of heal wounds
 D - 6 potions of flight
 J - 12 potions of cancellation
 L - 8 potions of might
 M - 6 potions of magic
 Y - 6 potions of resistance
Miscellaneous
 g - a lightning rod (4/4)
 j - a condenser vane
 z - a phantom mirror
 S - a phial of floods


   Skills:
 - Level 20.0 Fighting
 - Level 20.0 Polearms
 - Level 16.0 Throwing
 - Level 15.0 Armour
 + Level 22.3 Dodging
 - Level 1.5 Stealth
 - Level 15.0 Shields
 - Level 6.0 Spellcasting
 - Level 12.0 Hexes
 - Level 12.0 Air Magic
 - Level 10.0 Invocations
 - Level 3.0 Evocations


You had 33 spell levels left.
You knew the following spells:

 Your Spells              Type           Power      Damage    Failure   Level
s - Silence               Hex/Air        36%        N/A       4%          5

Your spell library contained the following spells:

 Spells                   Type           Power      Damage    Failure   Level
 Confusing Touch          Hex            73%        N/A       1%          3
 Swiftness                Air            73%        N/A       1%          3
 Tukima's Dance           Hex            73%        N/A       1%          3
 Airstrike                Air            36%        2d(6-22)  1%          4
 Cause Fear               Hex            36%        N/A       1%          4
 Ensorcelled Hibernation  Hex/Ice        98%        N/A       2%          2
 Poisonous Vapours        Pois/Air       98%        N/A       2%          2
 Static Discharge         Conj/Air       98%        2-7/arc   2%          2
 Dazzling Flash           Conj/Hex       98%        N/A       5%          3
 Portal Projectile        Hex/Tloc       98%        N/A       5%          3
 Summon Guardian Golem    Hex/Summ       49%        N/A       5%          3
 Vhi's Electric Charge    Tloc/Air       98%        N/A       5%          3
 Cigotuvi's Dreadful Rot  Necr/Pois/Air  72%        N/A       6%          2
 Mephitic Cloud           Conj/Pois/Air  36%        N/A       12%         3
 Anguish                  Hex/Necr       24%        N/A       19%         4
 Leda's Liquefaction      Hex/Erth       24%        N/A       19%         4
 Summon Lightning Spire   Summ/Air       49%        N/A       19%         4
 Apportation              Tloc           18%        N/A       22%         1
 Freeze                   Ice            36%        1d5       22%         1
 Kiss of Death            Conj/Necr      36%        2d8       22%         1
 Necrotise                Necr           36%        1d5       22%         1
 Sandblast                Erth           18%        2d7       22%         1
 Sting                    Tmut/Pois      36%        1d4       22%         1
 Summon Small Mammal      Summ           36%        N/A       22%         1
 Blink                    Tloc           18%        N/A       32%         2
 Lesser Beckoning         Tloc           18%        N/A       32%         2
 Momentum Strike          Conj/Tloc      18%        3d8       32%         2
 Passwall                 Tmut/Erth      7%         N/A       32%         2
 Arcjolt                  Conj/Air       24%        1d34      45%         5
 Metabolic Englaciation   Hex/Ice        24%        N/A       45%         5
 Yara's Violent Unravell  Hex/Tmut       24%        3d11      45%         5
 Call Canine Familiar     Summ           9%         N/A       54%         3
 Frozen Ramparts          Ice            18%        1d3       54%         3
 Gell's Gravitas          Tloc           9%         N/A       54%         3
 Hailstorm                Conj/Ice       9%         3d4       54%         3
 Ozocubu's Armour         Ice            9%         N/A       54%         3
 Spider Form              Tmut/Pois      9%         N/A       54%         3
 Stone Arrow              Conj/Erth      18%        3d8       54%         3
 Teleport Other           Tloc           9%         N/A       54%         3
 Freezing Cloud           Conj/Ice/Air   18%        6-21      75%         5
 Enfeeble                 Hex            36%        N/A       78%         7
 Animate Armour           Summ/Erth      18%        N/A       91%         4
 Animate Dead             Necr           9%         N/A       91%         4
 Dispel Undead            Necr           9%         3d8       91%         4
 Flame Wave               Conj/Fire      9%         2d6       91%         4
 Ice Form                 Ice/Tmut       9%         N/A       91%         4
 Olgreb's Toxic Radiance  Pois           9%         N/A       91%         4
 Passage of Golubria      Tloc           9%         N/A       91%         4
 Petrify                  Tmut/Erth      9%         N/A       91%         4
 Summon Ice Beast         Ice/Summ       9%         N/A       91%         4
 Conjure Ball Lightning   Conj/Air       24%        3x3d7     95%         6
 Plasma Beam              Fire/Air       24%        2x1d40    95%         6
 Agony                    Necr           9%         N/A       99%         5
 Alistair's Intoxication  Tmut/Pois      6%         N/A       99%         5
 Blade Hands              Tmut           4%         N/A       99%         5
 Borgnjor's Vile Clutch   Necr/Erth      4%         N/A       99%         5
 Fireball                 Conj/Fire      4%         3d4       99%         5
 Iskenderun's Battlesphe  Conj           9%         2d6       99%         5
 Lee's Rapid Deconstruct  Erth           4%         3d5*      99%         5
 Death Channel            Necr           4%         N/A       100%        6
 Iron Shot                Conj/Erth      4%         9d2       100%        6
 Simulacrum               Ice/Necr       4%         N/A       100%        6
 Statue Form              Tmut/Erth      6%         N/A       100%        6
 Malign Gateway           Summ/Tloc      4%         N/A       100%        7
 Monstrous Menagerie      Summ           4%         N/A       100%        7
 Orb of Destruction       Conj           4%         9d5       100%        7
 Ozocubu's Refrigeration  Ice            4%         4d8       100%        7
 Spellforged Servitor     Conj/Summ      4%         N/A       100%        7
 Storm Form               Tmut/Air       24%        N/A       100%        7
 Discord                  Hex            36%        N/A       100%        8
 Ignition                 Fire           4%         3d4       100%        8
 Maxwell's Capacitive Co  Air            36%        ∞         100%        8
 Summon Horrible Things   Summ           4%         N/A       100%        8
 Polar Vortex             Ice            4%         N/A       100%        9


Dungeon Overview and Level Annotations

Branches:
Dungeon (15/15)            Temple (1/1) D:5            Lair (5/5) D:8
 Shoals (4/4) Lair:2        Snake (4/4) Lair:3        Slime (0/5) Lair:5
    Orc (2/2) D:11            Elf (3/3) Orc:2        Vaults (5/5) D:14
  Crypt (0/3) Vaults:2     Depths (4/4) D:15            Zot (5/5) Depths:4
  Sewer (visited)           IceCv (visited)          WizLab (visited)

Altars:
Ashenzari
Cheibriados
Dithmenos
Elyvilon
Fedhas
Gozag
Hepliaklqana
Kikubaaqudgha
Makhleb
Nemelex Xobeh
Okawaru
Qazlal
Ru
Sif Muna
Trog
Uskayaw
Vehumet
Wu Jian
Xom
Yredelemnul
Zin
The Shining One
Jiyva

Shops:
D:7 =   D:12 *   Orc:2 ?*[*=   Elf:2 =   Snake:2 :=:   Vaults:4 ((((=
Depths:3 ?*=

Portals:
Hell: Depths:1 Depths:2 Depths:3 Depths:4
Abyss: Depths:2 Depths:3 Depths:4
Pandemonium: Orc:2 Depths:2
Ziggurat: Depths:4


Innate Abilities, Weirdness & Mutations

Your serpentine skin is tough. (AC +9)
You have supernaturally acute eyesight. (SInv)
Armour fits poorly on your strangely shaped body.
Your system is resistant to poisons. (rPois)
You cover ground very slowly.
You can spit poison.
You can use your snake-like lower body to constrict enemies.
You are agile. (Dex +4, Str/Int -1)
Your flesh is heat resistant. (rF+)
Your magical capacity is very low. (-20% MP)


Message History

You block the demonic crawler's attack.
The demonic crawler completely misses you.
You block the demonic crawler's attack.
The demonic crawler hits you but does no damage.
You block the demonic crawler's attack.
The demonic crawler completely misses you.
You completely miss the demonic crawler.
Your grab misses the demonic crawler. The demonic crawler closely misses you.
You block the demonic crawler's attack. x2
You puncture the demonic crawler! You burn the demonic crawler.
You grab the demonic crawler.
The demonic crawler is lightly wounded.
You constrict the demonic crawler! You puncture the demonic crawler!
You burn the demonic crawler!
The demonic crawler is severely wounded.
You constrict the demonic crawler.
You block the demonic crawler's attack. x3
You impale the demonic crawler!! You burn the demonic crawler.
You kill the demonic crawler!
Cheibriados appreciates the change of pace.
(D) Dungeon (T) Temple (L) Lair (A) Shoals (P) Snake Pit (M) Slime Pits (O) Orcish Mines (E) Elven Halls (V) Vaults (C) Crypt (U) Depths (H) Hell (Z) Zot
Where to? (Enter - D:1 @ (x,y), ? - help)
There is an escape hatch in the ceiling here.
A mysterious force pulls you upwards. The hatch slams shut behind you.
You reach down and open the door.
There is an open door here.
There is a stone staircase leading up here.
There is a stone staircase leading up here.
You fly upwards.
There is a stone staircase leading down here.
There is an open door here.
There is a stone staircase leading up here.
You fly upwards.
There is a stone staircase leading down here.
There is an open door here.
There is an open door here.
There is a staircase leading out of the dungeon here.
You have escaped!

#..'...'.(#
#..
#..#...#..#
#.#
####...####
#.#
#..#...#P.#
#.#
#..'...'..#
#.#
#..#...#P.#
#.#
####.#.####
#.#
#..#.#.#..#
#..
#@.'...'..#
###
#..#...#..#
####...####
#..#...#..#
#..'...'..#
#..#P..#..#
###########


There were no monsters in sight!

Vanquished Creatures
  2 dread liches
  Tiamat (Zot:3)
  6 ancient liches
  2 orbs of fire (Zot:5)
  A juggernaut (Zot:5)
  The ghost of Adanaf the Conqueror, a master MiBe of Trog (Zot:1)
  Vv (Zot:3)
  Bai Suzhen (Elf:3)
  10 Killer Klowns
  4 curse toes
  8 golden dragons
  6 bone dragons
  4 electric golems
  An iron giant (Depths:2)
  A pandemonium lord (D:12)
  2 Ice Fiends (IceCv)
  12 tentacled monstrosities
  Mlioglotl (Shoals:3)
  A walking crystal tome (Depths:3)
  2 liches
  7 quicksilver dragons
  27 Orb Guardians
  3 titans
  A deep elf blademaster (Elf:3)
  A walking earthen tome (Depths:2)
  A walking frostbound tome (Depths:4)
  Polyphemus (Shoals:4)
  3 ancient champions (WizLab)
  13 death cobs
  A deep elf master archer (Elf:3)
  A kraken (Shoals:1)
  5 sphinxes
  Agnes (Elf:1)
  5 tengu reavers
  7 storm dragons
  17 shadow dragons
  Donald (Elf:3)
  A shadow dragon (shapeshifter) (Vaults:5)
  3 revenants (WizLab)
  7 draconian monks
  A rockslime (Zot:5)
  17 nagarajas (Snake:4)
  7 draconian knights
  13 deep elf sorcerers
  A balrug (Zot:5)
  3 fire giants
  2 ghost moths
  5 draconian scorchers
  A spectral caustic shrike (WizLab)
  6 frost giants
  2 iron dragons
  A cacodemon (Depths:1)
  A caustic shrike zombie (WizLab)
  22 vault wardens
  10 draconian shifters
  6 deep elf elementalists (Elf:3)
  4 orc warlords
  5 spriggan defenders
  8 draconian annihilators
  36 very ugly things
  5 ironbound thunderhulks
  19 ironbound preservers
  15 stone giants
  A reaper (Zot:5)
  6 draconian stormcallers
  Nessos (D:12)
  13 green draconians
  7 deep elf demonologists
  8 red draconians
  4 vampire knights
  6 black draconians
  Azrael (D:13)
  2 spectral titans (WizLab)
  A lorocyproca (D:9)
  The ghost of Adaovve the Grappler, a journeyman TrFi of Okawaru (D:13)
  A dire elephant (shapeshifter) (Depths:3)
  13 white draconians
  A bunyip (shapeshifter) (Elf:3)
  3 dire elephants (Vaults:2)
  5 halazid warlocks (WizLab)
  2 eidola (WizLab)
  3 spark wasps (Depths:3)
  3 minotaurs (Shoals:4)
  A crystal guardian (Vaults:3)
  8 deep elf annihilators
  15 purple draconians
  12 yellow draconians
  A spectral quicksilver dragon (WizLab)
  2 blizzard demons (Depths:2)
  4 merfolk javelineers
  6 deep elf death magi
  A quicksilver dragon zombie (WizLab)
  Josephine (D:12)
  5 jiangshi
  3 entropy weavers
  A green death (Zot:5)
  6 merfolk impalers
  5 fire dragons
  6 deep elf high priests
  6 great orbs of eyes
  11 ettins
  8 hydras
  An entropy weaver (shapeshifter) (Depths:3)
  2 merfolk avatars
  4 salamander tyrants
  A hell beast (Depths:2)
  A rakshasa (Zot:5)
  8 yaktaur captains
  6 ice dragons
  41 vault guards
  A caustic shrike simulacrum (IceCv)
  3 ogre magi (Vaults:5)
  9 centaur warriors
  2 peacekeepers
  2 demonspawn (Orc:2)
  2 alligator snapping turtles
  10 ironbound frosthearts
  6 anacondas
  2 spriggan air magi
  A catoblepas (Shoals:3)
  9 boulder beetles
  4 merfolk aquamancers
  16 naga warriors
  27 dancing weapons
  A death knight (Vaults:2)
  11 satyrs (Shoals:4)
  2 satyrs (shapeshifter)
  2 tengu warriors
  2 spectral draconians (Zot:1)
  A two-headed ogre (shapeshifter) (Depths:3)
  5 two-headed ogres
  8 death yaks
  6 deep troll shamans
  4 deep troll earth magi
  2 titan zombies (WizLab)
  5 orc high priests
  A spectral storm dragon (Zot:1)
  3 vampire magi
  19 naga sharpshooters
  22 hell knights
  6 spriggan berserkers
  Nergalle (D:10)
  11 shock serpents
  7 spriggans
  6 iron trolls
  23 deep elf knights
  7 salamander mystics
  2 skysharks
  7 sun demons
  3 soul eaters
  5 shadow wraiths
  5 sixfirhies
  A spectral spark wasp (WizLab)
  5 skeletal warriors
  A spark wasp zombie (WizLab)
  4 flayed ghosts
  44 deep trolls
  9 naga ritualists
  19 sea snakes
  A death drake (shapeshifter) (Depths:1)
  A deep troll (shapeshifter) (Vaults:5)
  Lodul (D:13)
  2 quicksilver dragon simulacra (Zot:1)
  A glowing orange brain (Depths:1)
  2 orange crystal statues
  14 ironbound convokers
  10 lindwurms
  2 bog bodies (IceCv)
  15 deep elf archers
  4 obsidian statues
  11 wizards
  32 harpies
  15 orc knights
  40 deep elf pyromancers
  Pikel (D:4)
  5 necromancers
  8 mana vipers
  2 wolf spider zombies (WizLab)
  9 orc sorcerers (Orc:2)
  A harpy (shapeshifter) (Depths:3)
  10 phantasmal warriors
  33 deep elf zephyrmancers
  52 ugly things
  17 fauns
  8 cyclopes
  13 manticores
  29 moths of wrath
  22 salamanders
  2 oklob plants
  Maurice (D:9)
  17 vault sentinels
  A cyclops (shapeshifter) (Vaults:5)
  An elephant (shapeshifter) (Vaults:2)
  40 black mambas
  A rust devil (Depths:2)
  9 merfolk sirens
  2 orange demons
  17 elephants
  8 water nymphs
  A demonic crawler (D:4)
  12 cane toads
  3 guardian serpents (Snake:4)
  A storm dragon simulacrum (Zot:1)
  An eye of devastation (shapeshifter) (Depths:3)
  2 smoke demons
  5 torpor snails (Lair:5)
  2 gargoyles
  22 naga magi
  A rime drake (Lair:5)
  An unseen horror (shapeshifter) (Depths:3)
  A cane toad (shapeshifter) (Depths:3)
  5 unseen horrors
  27 yaktaurs
  3 kobold demonologists
  13 komodo dragons
  9 freezing wraiths
  2 ice devils
  3 tormentors
  A troll (shapeshifter) (Depths:3)
  A tengu conjurer (D:15)
  3 golden dragon simulacra
  A red devil (Depths:2)
  2 spectral harpies (WizLab)
  7 trolls
  31 merfolk
  3 hellwings
  A polar bear (shapeshifter) (Depths:3)
  9 meliai
  4 tyrant leeches (Lair:5)
  10 polar bears
  Prince Ribbit (D:5)
  A wind drake (shapeshifter) (D:15)
  3 wind drakes
  13 hornets
  A spriggan zombie (WizLab)
  3 raiju (Lair:5)
  A tarantella (shapeshifter) (Depths:3)
  A blink frog (shapeshifter) (Depths:3)
  7 snapping turtles
  11 dream sheep
  8 blink frogs (Lair:5)
  2 culicivoras (Vaults:5)
  3 slime creatures (shapeshifter)
  67 slime creatures
  2 large abominations
  13 flying skulls (WizLab)
  5 wyverns
  A spriggan (shapeshifter) (D:13)
  A ynoxinul (D:10)
  5 shadows
  2 air elementals (Elf:2)
  A vampire (D:12)
  2 humans (shapeshifter) (Depths:3)
  13 water elementals
  86 yaks
  2 chaos spawn (Depths:2)
  2 fire elementals
  8 wraiths
  11 vampire mosquitoes
  Menkaure (D:4)
  2 basilisks
  A neqoxec (Depths:2)
  8 humans (D:14)
  2 steam dragons (shapeshifter)
  2 steam dragons
  A minotaur simulacrum (IceCv)
  11 wargs
  3 redbacks
  67 nagas
  16 water moccasins
  2 acid dragons (D:9)
  16 hell hounds
  6 hydra simulacra (IceCv)
  2 sky beasts
  2 sky beasts (shapeshifter)
  An ice beast (D:7)
  42 orc warriors
  An alligator simulacrum (IceCv)
  11 black bears (Lair:5)
  2 ettin simulacra (IceCv)
  12 ogres
  7 boggarts
  A tengu (shapeshifter) (D:13)
  29 wolves
  10 centaurs
  4 kobold brigands
  A phantom (D:6)
  8 bullfrogs
  Blork the orc (D:5)
  3 earth elementals (Elf:3)
  5 gnoll sergeants
  5 scorpions
  A water moccasin zombie (D:7)
  8 wights
  27 killer bees
  6 howler monkeys
  7 electric eels
  4 centaur zombies (D:7)
  20 orc priests
  5 hounds
  A gnoll bouda (D:6)
  4 iguanas
  2 jellies
  Crazy Yiuf (D:5)
  3 sleepcaps
  Natasha (thrice) (D:4)
  14 orc wizards
  7 hell rats (Lair:5)
  3 killer bee zombies (D:7)
  2 howler monkey zombies (D:7)
  24 gnolls
  8 adders
  A shadow imp (D:5)
  A white imp (D:6)
  An ufetubus (D:4)
  3 worms
  4 dart slugs
  71 orcs
  6 ball pythons
  14 bats
  8 endoplasms
  8 giant cockroaches
  6 goblins
  9 hobgoblins
  4 jackals
  4 quokkas
  A frilled lizard (D:3)
  14 kobolds
  7 rats
  A rat (shapeshifter) (Depths:3)
  3 tentacles (Shoals:1)
2489 creatures vanquished.

Vanquished Creatures (collateral kills)
  A gnoll (D:4)
  A giant cockroach (D:4)
2 creatures vanquished.

Vanquished Creatures (others)
  A tentacled monstrosity (Zot:3)
  A deep elf elementalist (Elf:3)
  A deep elf knight (Elf:2)
  A deep elf zephyrmancer (Elf:1)
  2 deep elf pyromancers
  5 dream sheep (D:6)
  A neqoxec (D:13)
  A boggart (Vaults:4)
  2 lemures (D:4)
  A scorpion (shapeshifter) (D:13)
  A howler monkey (shapeshifter) (D:13)
  An orc wizard (D:8)
  2 gnolls
  An adder (D:4)
  7 tentacles (Shoals:1)
28 creatures vanquished.

Grand Total: 2519 creatures vanquished

Notes
Turn   | Place    | Note
-------+----------+-------------------------------------------
     0 | D:1      | LordWeiramon the Naga Artificer began the quest for the
                  | Orb.
     0 | D:1      | Reached XP level 1. HP: 18/18 MP: 1/1
   173 | D:1      | Reached XP level 2. HP: 26/26 MP: 2/2
   740 | D:1      | Reached XP level 3. HP: 33/33 MP: 3/3
  1417 | D:2      | Reached XP level 4. HP: 33/44 MP: 4/4
  1809 | D:2      | Found a faded altar of an unknown god.
  1993 | D:2      | Reached skill level 1 in Polearms
  2164 | D:3      | Reached XP level 5. HP: 50/50 MP: 5/5
  2333 | D:3      | Found a glowing drain.
  2376 | Sewer    | Entered a sewer
  2436 | Sewer    | Noticed a water moccasin
  2454 | Sewer    | Killed a water moccasin
  2455 | Sewer    | Reached XP level 6. HP: 35/57 MP: 6/6
  2728 | D:3      | Found an ornate altar of the Wu Jian Council.
  3080 | D:4      | Noticed Menkaure
  3105 | D:4      | Reached skill level 5 in Polearms
  3375 | D:4      | Noticed Pikel
  3414 | D:4      | Killed Pikel
  3415 | D:4      | Reached XP level 7. HP: 23/64 MP: 5/7
  3650 | D:4      | Noticed Natasha
  3651 | D:4      | Killed Natasha
  3652 | D:4      | Reached XP level 8. HP: 72/72 MP: 8/8
  3660 | D:4      | Noticed Edmund
  3662 | D:4      | Edmund changed into Edmund the dart slug
  3662 | D:4      | Noticed Edmund
  3665 | D:4      | Killed Edmund the dart slug
  3761 | D:4      | Killed Menkaure
  3901 | D:4      | Noticed Natasha
  3920 | D:4      | Killed Natasha
  3921 | D:4      | Reached skill level 5 in Fighting
  4108 | D:4      | Noticed Natasha
  4113 | D:4      | Killed Natasha
  4364 | D:5      | Entered Level 5 of the Dungeon
  4428 | D:5      | Noticed Prince Ribbit
  4608 | D:5      | Found a staircase to the Ecumenical Temple.
  4614 | Temple   | Entered the Ecumenical Temple
  4923 | D:5      | Noticed Blork the orc
  4945 | D:5      | Killed Blork the orc
  5424 | D:5      | Reached XP level 9. HP: 78/81 MP: 9/9
  5472 | D:5      | Found a runed translucent door.
  5473 | D:5      | Noticed Crazy Yiuf
  5918 | D:6      | Found a white marble altar of Elyvilon.
  5949 | D:6      | Found a sacrificial altar of Ru.
  5980 | D:6      | Found a shimmering altar of Xom.
  6004 | D:6      | Found a snail-covered altar of Cheibriados.
  6012 | D:6      | Became a worshipper of Cheibriados the Contemplative
  6029 | D:6      | Found a shadowy altar of Dithmenos.
  6447 | D:7      | Found Wudir's Jewellery Emporium.
  6450 | D:7      | Bought a ring of willpower for 300 gold pieces
  6510 | D:7      | Reached skill level 10 in Polearms
  6587 | D:7      | Reached skill level 5 in Armour
  6607 | D:7      | Found a hide-covered altar of Uskayaw.
  6632 | D:7      | Reached * piety under Cheibriados
  6680 | D:7      | Found a glowing golden altar of the Shining One.
  6921 | D:7      | Found an opulent altar of Gozag.
  6921 | D:7      | Found a sparkling altar of Nemelex Xobeh.
  7546 | D:8      | Reached ** piety under Cheibriados
  7547 | D:8      | Reached XP level 10. HP: 88/88 MP: 10/10
  7946 | D:8      | Reached skill level 1 in Dodging
  8004 | D:8      | Reached skill level 2 in Dodging
  8146 | D:8      | Found a staircase to the Lair.
  8161 | D:8      | Reached skill level 3 in Dodging
  8276 | D:8      | Reached skill level 4 in Dodging
  8702 | D:5      | Killed Prince Ribbit
  8702 | D:5      | Reached *** piety under Cheibriados
  8703 | D:5      | Reached skill level 5 in Dodging
  8823 | D:9      | Reached skill level 1 in Shields
  9310 | D:9      | Reached XP level 11. HP: 77/94 MP: 9/11
  9394 | D:9      | Reached skill level 5 in Shields
  9484 | D:9      | Reached **** piety under Cheibriados
  9527 | D:9      | Noticed Maurice
  9539 | D:9      | Killed Maurice
 10142 | D:10     | Entered Level 10 of the Dungeon
 10183 | D:10     | Found a shimmering blue altar of Sif Muna.
 10232 | D:10     | Got Sif Muna's Collected Works on Brumal Black Magic
 10237 | D:10     | Found a bloodstained altar of Trog.
 10325 | D:10     | Noticed Nergalle
 10344 | D:10     | Killed Nergalle
 10345 | D:10     | Reached skill level 6 in Dodging
 10454 | D:10     | Reached ***** piety under Cheibriados
 10743 | D:10     | Reached skill level 7 in Dodging
 11255 | D:11     | Noticed a red ugly thing
 11273 | D:11     | Killed a red ugly thing
 11274 | D:11     | Reached skill level 8 in Dodging
 11426 | D:11     | Reached XP level 12. HP: 109/109 MP: 12/12
 11492 | D:11     | Noticed a two-headed ogre
 11509 | D:11     | Killed a two-headed ogre
 11894 | D:11     | Found a staircase to the Orcish Mines.
 12126 | Lair:1   | Entered Level 1 of the Lair of Beasts
 12983 | Lair:1   | Reached ****** piety under Cheibriados
 13108 | Lair:2   | Identified the +1 hat "Cafomir" {Rampage *Corrode Fly
                  | Dex+3}
 13258 | Lair:2   | Noticed a boulder beetle
 13273 | Lair:2   | Killed a boulder beetle
 13614 | Lair:2   | Found a staircase to the Shoals.
 14052 | D:7      | Bought a ring of protection from cold for 300 gold pieces
 14513 | Lair:3   | Gained mutation: You can use your snake-like lower body to
                  | constrict enemies. [Naga growth]
 14513 | Lair:3   | Reached XP level 13. HP: 115/115 MP: 13/13
 14815 | Lair:3   | Reached skill level 10 in Shields
 14863 | Lair:3   | Found a staircase to the Snake Pit.
 15188 | Lair:3   | Identified the +0 leather armour of the Shifting Gods
                  | {Dex+5}
 15368 | Lair:3   | Identified the +3 leather armour of Dajeywn {Regen+ Int+2}
 16291 | Lair:4   | Reached XP level 14. HP: 114/123 MP: 11/14
 16880 | Lair:5   | Entered Level 5 of the Lair of Beasts
 16901 | Lair:4   | Reached skill level 10 in Armour
 17685 | Lair:5   | Reached skill level 10 in Fighting
 17700 | Lair:5   | Found a staircase to the Slime Pits.
 17701 | Lair:5   | Found a viscous altar of Jiyva.
 18044 | Lair:5   | Reached skill level 9 in Dodging
 18237 | Lair:5   | Found a runed translucent door.
 18414 | Lair:5   | Reached skill level 10 in Dodging
 18550 | Lair:5   | Reached skill level 1 in Invocations
 18835 | Lair:5   | Reached XP level 15. HP: 125/138 MP: 14/18
 18857 | Lair:5   | Reached skill level 5 in Invocations
 19648 | D:12     | Found Leubeosia's General Store.
 19652 | D:12     | Noticed Josephine
 19659 | D:12     | Killed Josephine
 19671 | D:12     | Bought a scroll of identify for 30 gold pieces
 19671 | D:12     | Bought a scroll of fog for 60 gold pieces
 19699 | D:12     | Noticed Nessos
 19718 | D:12     | Killed Nessos
 20033 | D:13     | Noticed Azrael
 20041 | D:13     | Killed Azrael
 20192 | D:13     | Found a runed translucent gate.
 20192 | D:13     | Found a runed translucent gate.
 20192 | D:13     | Found a runed translucent gate.
 20302 | D:13     | Noticed Lodul
 20476 | D:13     | Killed Lodul
 20479 | D:13     | Reached skill level 10 in Invocations
 20566 | D:13     | Reached skill level 1 in Throwing
 20944 | D:13     | Found a runed translucent gate.
 20944 | D:13     | Found a runed translucent gate.
 20947 | D:13     | Noticed Adaovve's ghost (journeyman TrFi)
 20951 | D:13     | Found a runed translucent gate.
 21194 | D:13     | Reached skill level 5 in Throwing
 21565 | D:14     | Found a portal to a secret trove of treasure.
 21725 | D:14     | Reached XP level 16. HP: 118/146 MP: 23/23
 21792 | D:14     | Found a gate to the Vaults.
 21832 | D:15     | Entered Level 15 of the Dungeon
 22017 | D:15     | Found a staircase to the Depths.
 23501 | D:5      | Killed Crazy Yiuf
 23506 | D:5      | Identified the +2 hammer of the Pillar {pain, Str+2 Int+5}
 23872 | Orc:1    | Entered Level 1 of the Orcish Mines
 24212 | Orc:2    | Entered Level 2 of the Orcish Mines
 24249 | Orc:2    | Reached skill level 10 in Throwing
 24340 | Orc:2    | Found Piopuew's Magic Scroll Shoppe.
 24343 | Orc:2    | Bought a scroll of teleportation for 30 gold pieces
 24343 | Orc:2    | Bought a scroll of identify for 20 gold pieces
 24343 | Orc:2    | Bought a scroll of teleportation for 30 gold pieces
 24343 | Orc:2    | Bought a scroll of fear for 40 gold pieces
 24747 | Orc:2    | Found a staircase to the Elven Halls.
 24795 | Orc:2    | Found Ytuess's General Store.
 24818 | Orc:2    | Found Quos's General Store.
 24868 | Orc:2    | Bought a scroll of identify for 24 gold pieces
 24868 | Orc:2    | Bought a wand of digging (6) for 302 gold pieces
 24868 | Orc:2    | Bought a scroll of fear for 48 gold pieces
 24868 | Orc:2    | Bought a scroll of teleportation for 36 gold pieces
 24868 | Orc:2    | Bought a potion of heal wounds for 60 gold pieces
 24868 | Orc:2    | Bought a potion of resistance for 120 gold pieces
 24872 | Orc:2    | Bought a potion of magic for 88 gold pieces
 24872 | Orc:2    | Bought a scroll of butterflies for 44 gold pieces
 25247 | Orc:2    | Identified the ring of the Cockroach {rC+ Str+5 Int+6}
 25258 | Orc:2    | Learned a level 5 spell: Silence
 25369 | Orc:2    | Reached skill level 1 in Hexes
 25369 | Orc:2    | Reached skill level 1 in Air Magic
 25380 | Orc:2    | Reached skill level 1 in Spellcasting
 25628 | Orc:2    | Found Suilow's Jewellery Boutique.
 25628 | Orc:2    | Found Wymapayr's Antique Armour Shop.
 25628 | Orc:2    | Found a one-way gate leading to the halls of Pandemonium.
 25634 | Orc:2    | Bought a shiny helmet for 150 gold pieces
 25647 | Orc:2    | Bought the ring "Sodeam" {Fly AC+4 Str+4 Dex+2 Slay+3} for
                  | 843 gold pieces
 25977 | Shoals:1 | Entered Level 1 of the Shoals
 26103 | Shoals:1 | Identified the +2 flail of Classification {freeze, rPois
                  | rF- Str+2}
 26575 | Shoals:1 | Reached XP level 17. HP: 154/154 MP: 24/24
 26592 | Shoals:1 | Noticed a kraken
 26609 | Shoals:1 | Killed a kraken
 26997 | Shoals:2 | Reached skill level 5 in Hexes
 26997 | Shoals:2 | Reached skill level 5 in Air Magic
 27024 | Shoals:2 | Reached skill level 5 in Spellcasting
 27771 | Shoals:3 | Noticed Mlioglotl
 28639 | Shoals:4 | Entered Level 4 of the Shoals
 29285 | Shoals:4 | Noticed a sphinx
 29291 | Shoals:4 | Killed a sphinx
 29387 | Shoals:4 | Reached XP level 18. HP: 163/163 MP: 25/25
 29411 | Shoals:4 | Got a barnacled rune of Zot
 29621 | Shoals:4 | Noticed Polyphemus
 29659 | Shoals:4 | Killed Polyphemus
 29823 | Shoals:4 | Identified the +0 scale mail "Uttogg" {rC+ Will+ Int+2}
 30239 | Shoals:4 | Identified a scroll of acquirement
 30239 | Shoals:4 | Acquired 990 gold pieces
 30370 | Snake:1  | Entered Level 1 of the Snake Pit
 31666 | Snake:2  | Found a transporter.
 31669 | Snake:2  | Found a transporter.
 31670 | Snake:2  | Found the +3 pair of gauntlets of War {Slay+5}
 31823 | Snake:2  | Found Nyjaocec's Book Emporium.
 31824 | Snake:2  | Found Jydumeiz's Jewellery Boutique.
 31825 | Snake:2  | Found Paxeogg's Book Emporium.
 31885 | Snake:2  | Reached skill level 10 in Hexes
 31947 | Snake:2  | Reached skill level 10 in Air Magic
 32663 | Orc:2    | Bought a scroll of enchant armour for 75 gold pieces
 33031 | Snake:3  | Reached XP level 19. HP: 171/171 MP: 28/28
 33629 | Snake:4  | Entered Level 4 of the Snake Pit
 34300 | Snake:4  | Reached skill level 15 in Fighting
 34454 | Snake:4  | Got a serpentine rune of Zot
 34585 | Snake:4  | Reached XP level 20. HP: 130/194 MP: 18/29
 35141 | D:13     | Killed Adaovve's ghost
 35405 | Shoals:3 | Killed Mlioglotl
 35633 | D:14     | You paid a toll of 18 potions of curing to enter a treasure
                  | trove
 35634 | Trove    | Entered a treasure trove
 35643 | Trove    | Identified the amulet of Letacsig {Reflect rElec rF+ SH+5}
 35655 | Trove    | Identified the +4 tower shield of Instinct {rF- Int+6 Dex-5
                  | Stlth+}
 35664 | Trove    | Identified the +1 scale mail of the Hall of Blades {Harm
                  | Dex+4}
 35801 | Elf:1    | Entered Level 1 of the Elven Halls
 35801 | Elf:1    | Noticed Agnes
 35804 | Elf:1    | Killed Agnes
 36723 | Elf:1    | Reached XP level 21. HP: 201/201 MP: 30/30
 36986 | Elf:2    | Found a frozen archway.
 36991 | IceCv    | Entered an ice cave
 37067 | IceCv    | Acquired 794 gold pieces
 37407 | Elf:2    | Identified the ring "Keovuutz" {Drain Will+ Str+6 Int+3
                  | Dex+3}
 37428 | Elf:2    | Found a runed translucent gate.
 37521 | Elf:2    | Found a runed translucent gate.
 37522 | Elf:2    | Found a runed translucent gate.
 37570 | Elf:2    | Found Usutoc's Jewellery Shop.
 37742 | Elf:2    | Reached XP level 22. HP: 207/210 MP: 31/31
 38075 | Elf:3    | Entered Level 3 of the Elven Halls
 38211 | Elf:3    | Reached skill level 15 in Armour
 38426 | Elf:3    | Noticed Bai Suzhen
 38439 | Elf:3    | Killed Bai Suzhen
 38444 | Elf:3    | Reached skill level 11 in Dodging
 38868 | Elf:3    | Noticed Donald
 38876 | Elf:3    | Killed Donald
 38877 | Elf:3    | Found an ancient bone altar of Kikubaaqudgha.
 38985 | Elf:3    | Identified the +7 long sword "Kulir" {heavy, rPois rC+}
 38985 | Elf:3    | Identified the +2 robe of Ziminano {Regen+ Dex+3}
 39054 | Elf:3    | Identified the +0 chain mail of Grottiness {Harm rElec
                  | Will-}
 39064 | Elf:3    | Identified the +11 plate armour "Vuqui" {Will++}
 39086 | Elf:3    | Identified the +0 buckler of Weppail {Drain +Blink rC+
                  | SInv}
 39091 | Elf:3    | Identified the +8 great sword "Ygeheq" {elec, rElec Will+
                  | Int+3}
 39178 | Elf:3    | Identified the ring "Ahemaz" {+Blink Int+6 Dex+3}
 39260 | Elf:3    | Identified the +10 dagger of the Beginning {drain, Stlth+}
 39503 | Vaults:1 | Entered Level 1 of the Vaults
 39517 | Vaults:1 | Reached skill level 12 in Dodging
 40317 | Vaults:1 | Reached skill level 13 in Dodging
 40367 | Vaults:1 | Reached XP level 23. HP: 217/217 MP: 32/32
 40584 | Vaults:1 | Identified the ring of Tees {Fire rElec Int+2}
 41088 | Vaults:2 | Reached skill level 14 in Dodging
 41418 | Vaults:2 | Found a staircase to the Crypt.
 41641 | Vaults:2 | Reached skill level 15 in Dodging
 43053 | Vaults:3 | Reached skill level 15 in Shields
 43499 | Vaults:4 | Reached XP level 24. HP: 225/225 MP: 32/32
 43699 | Vaults:4 | Reached skill level 15 in Polearms
 43742 | Vaults:4 | Found Dedor's Weapon Shoppe.
 43758 | Vaults:4 | Found Yrif's Weapon Boutique.
 43990 | Vaults:4 | Found Hutsaor's Weapon Emporium.
 44006 | Vaults:4 | Found Feofoetae's Antique Weapon Shoppe.
 44379 | Vaults:4 | Found Ybbiont's Jewellery Shop.
 44487 | Vaults:5 | Entered Level 5 of the Vaults
 44634 | Vaults:5 | Noticed a dread lich
 44644 | Vaults:5 | Killed a dread lich
 44743 | Vaults:5 | Identified the +9 war axe of Egomania {flame, *Noise rElec
                  | rF+ Will+ Int+8}
 44743 | Vaults:5 | Identified the +5 quarterstaff "Forozi" {freeze, *Noise rF+
                  | Str+5}
 44839 | Vaults:5 | Found the -2 hat of the Alchemist {rElec rPois rF+ rC+ rN+
                  | Will+ rMut rCorr}
 44909 | Vaults:5 | Noticed an ancient lich
 44920 | Vaults:5 | Killed an ancient lich
 45132 | Vaults:5 | Identified the +9 war axe "Liruj" {venom, Contam +Blink
                  | Int+6}
 45157 | Vaults:5 | Identified the +1 flail "Huaw" {flame, *Noise Str+3 Int+3}
 45345 | Vaults:5 | Identified the +2 robe of Baldness {Str+3 Dex+2}
 45352 | Vaults:5 | Reached skill level 15 in Throwing
 45380 | Vaults:5 | Reached XP level 25. HP: 225/230 MP: 32/32
 45828 | Vaults:5 | Got a silver rune of Zot
 45996 | Vaults:5 | Identified the +1 dagger of Pestilence {freeze, rN+ Str-2
                  | Int+3}
 46285 | Vaults:5 | Identified the +3 scimitar of Meuxze {speed, Str+4 Int+4
                  | Dex-3 SInv}
 46953 | Depths:1 | Entered Level 1 of the Depths
 47161 | Depths:1 | Found a gateway to Hell.
 47500 | Depths:1 | Identified the +1 cloak "Sethrad" {Harm}
 47538 | Depths:1 | Found a sacrificial altar of Ru.
 48382 | Depths:2 | Identified the +1 dagger of Desperation {flame, Str+3}
 48410 | Depths:2 | Found a one-way gate to the infinite horrors of the Abyss.
 48656 | Depths:2 | Identified the ring "Ydwot" {AC+4 Int+3 Stlth+}
 49117 | Depths:3 | Found a magical portal.
 49129 | WizLab   | Entered Borgnjor's Mausoleum
 49447 | WizLab   | Reached XP level 26. HP: 241/241 MP: 32/32
 49712 | Depths:3 | Found an opulent altar of Gozag.
 49728 | Depths:3 | Found Apirior's Magic Scroll Boutique.
 49735 | Depths:3 | Bought a scroll of teleportation for 48 gold pieces
 49735 | Depths:3 | Bought a scroll of blinking for 120 gold pieces
 49735 | Depths:3 | Bought a scroll of fear for 64 gold pieces
 49819 | Depths:3 | Found Arauh's General Store.
 49825 | Depths:3 | Bought a wand of mindburst (4) for 112 gold pieces
 49825 | Depths:3 | Bought a throwing net for 60 gold pieces
 49825 | Depths:3 | Bought a wand of roots (6) for 288 gold pieces
 49825 | Depths:3 | Bought a scroll of fog for 80 gold pieces
 50028 | Depths:3 | Found a sparkling altar of Nemelex Xobeh.
 50515 | Depths:3 | Identified the +5 great sword "Icaecygu" {vamp, *Rage rPois
                  | Int+3}
 50521 | Depths:3 | Found the +4 consecrated labrys {holy, Valiant Fragile Fly
                  | SInv}
 50544 | Depths:3 | Got the Guidebook on the Commander and Guile
 50882 | Depths:3 | Identified the +4 long sword of Qialidon {freeze, Will+
                  | rCorr}
 51076 | Depths:3 | Found Pizo's Jewellery Shop.
 51220 | Depths:4 | Entered Level 4 of the Depths
 51487 | Depths:4 | Found a gate to the Realm of Zot.
 51804 | Depths:4 | Found a one-way gateway to a ziggurat.
 52545 | Zot:1    | Entered Level 1 of the Realm of Zot
 52801 | Zot:1    | Noticed a dread lich
 52807 | Zot:1    | Found a transporter.
 52811 | Zot:1    | Noticed Adanaf's ghost (master MiBe)
 52968 | Zot:1    | Identified the +2 leather armour of Bolaomyo {Dex+4}
 53157 | Zot:1    | Found a transporter.
 53681 | Zot:1    | Killed a dread lich
 53696 | Zot:1    | Reached XP level 27. HP: 168/266 MP: 5/32
 53710 | Zot:1    | Killed Adanaf's ghost
 53725 | Zot:1    | Got the Guide on the Coruscating Autopsy
 54942 | Zot:3    | Reached skill level 16 in Dodging
 55444 | Zot:3    | Noticed Vv
 55518 | Zot:3    | Killed Vv
 55528 | Zot:3    | Found the +4 dragonskin cloak
 55528 | Zot:3    | Noticed Tiamat
 55640 | Zot:3    | Reached skill level 17 in Dodging
 56156 | Zot:3    | Reached skill level 18 in Dodging
 56435 | Zot:3    | Killed Tiamat
 56520 | Zot:3    | Identified the +1 leather armour of Ashenzari's Generosity
                  | {rC- Will+++ rCorr Str+2}
 57960 | Zot:5    | Entered Level 5 of the Realm of Zot
 58015 | Zot:5    | Reached skill level 19 in Dodging
 58740 | Zot:5    | Noticed an ancient lich
 58747 | Zot:5    | Killed an ancient lich
 58750 | Zot:5    | Noticed an ancient lich
 58756 | Zot:5    | Noticed an orb of fire
 58761 | Zot:5    | Killed an ancient lich
 58765 | Zot:5    | Gained mutation: You are vulnerable to cold. (rC-) [an orb
                  | of fire]
 58780 | Zot:5    | Gained mutation: You are very vulnerable to cold. (rC--)
                  | [an orb of fire]
 58781 | Zot:5    | Killed an orb of fire
 58782 | Zot:5    | Reached skill level 20 in Dodging
 58801 | Zot:5    | a Killer Klown changed into a juggernaut
 58801 | Zot:5    | Noticed a juggernaut
 58808 | Zot:5    | Killed a juggernaut
 59033 | Zot:5    | Lost mutation: You are very vulnerable to cold. (rC--)
                  | [potion of mutation]
 59033 | Zot:5    | Lost mutation: You are vulnerable to cold. (rC-) [potion of
                  | mutation]
 59033 | Zot:5    | Gained mutation: You sometimes lose your temper in combat.
                  | [potion of mutation]
 59034 | Zot:5    | Lost mutation: You sometimes lose your temper in combat.
                  | [potion of mutation]
 59034 | Zot:5    | Gained mutation: You are agile. (Dex +4, Str/Int -1)
                  | [potion of mutation]
 59034 | Zot:5    | Gained mutation: Your flesh is heat resistant. (rF+)
                  | [potion of mutation]
 59222 | Zot:5    | Reached skill level 21 in Dodging
 59296 | Zot:5    | Noticed an orb of fire
 59300 | Zot:5    | Gained mutation: Your magical capacity is low. (-10% MP)
                  | [an orb of fire]
 59307 | Zot:5    | Killed an orb of fire
 59662 | Zot:5    | Noticed an ancient lich
 59663 | Zot:5    | Noticed an ancient lich
 59673 | Zot:5    | Killed an ancient lich
 59679 | Zot:5    | Killed an ancient lich
 59933 | Zot:5    | Got the Orb of Zot
 60006 | Zot:5    | Reached skill level 22 in Dodging
 60151 | Depths:1 | Gained mutation: Your magical capacity is very low. (-20%
                  | MP) [a cacodemon]
 60277 | D:12     | Noticed Erist the pandemonium lord
 60277 | D:12     | Noticed an ancient lich
 60290 | D:12     | Killed an ancient lich
 60301 | D:12     | Killed Erist the pandemonium lord
 60499 | D:$      | Escaped with the Orb!

Illustrated notes

Levels and vault maps discovered:
D:1:      dpeg_arrival_prison, layout_loops_ring, minmay_misc_feat_alley,
          chequers_mini_garden, st_stairs_10, minmay_tetromino_s2
D:2:      layout_basic, hellmonk_ecumenical_altar_leap_of_faith,
          palyth_stone_intersect
D:3:      layout_basic, mainiacjoe_overflow_catwalk, portal_sewer_entry_f,
          chequers_serial_rivers_micro_c
D:4:      layout_gridville, grunt_ministairs_6, nicolae_kite_square_tiling_tiny,
          uniq_edmund, uniq_natasha, uniq_pikel, uniq_menkaure
D:5:      layout_cave_pools, minmay_temple_entry_enclosed_plants,
          minmay_misc_feat_plants, uniq_prince_ribbit1, uniq_crazy_yiuf_cottage,
          uniq_blork_the_orc
D:6:      layout_cave_pools, nicolae_overflow_quartered_altars,
          kb_xom_exploding_sheep
D:7:      layout_basic, grunt_temple_overflow_opulence,
          nicolae_uskayaw_dance_hall, nicolae_overflow_hidden_temple,
          serial_undead, serial_undead_e, serial_undead_c, serial_undead_f,
          serial_undead_f, serial_shops, nicolae_shop_real_fake_doors,
          st_stairs_12, minmay_misc_feat_diagonals
D:8:      cheibrodos_two_vegetables, layout_loops_ring, david_lair_shrubbed
D:9:      layout_stronghold, kennysheep_crisscross, uniq_maurice
D:10:     layout_loops_ring, nzn_overflow_gifts_of_might_and_magic,
          kennysheep_generic_room_15, uniq_nergalle
D:11:     layout_loops_corners, minmay_orc_entry_temple_small
D:12:     layout_cave_pools, serial_column_ruins, column_ruins_circle_medium,
          column_ruins_open_tiny, column_ruins_grid_1,
          column_ruins_corridor_dead_end, column_ruins_open_medium_water,
          column_ruins_corridor_water, serial_shops,
          nicolae_shop_competitors_out_of_business,
          hangedman_decor_clover_reticule, uniq_josephine, uniq_nessos
D:13:     layout_basic, ploomutoo_gammafunk_ghost_potion_laboratory, uniq_lodul,
          uniq_azrael
D:14:     layout_cave_pools, ximxim_vaults_locker_room, enter_trove_5
D:15:     grunt_enter_depths_giant_problem, layout_layer_cave, minmay_hedge_maze
Temple:   jpeg_temple_alley_garden
Lair:1:   wander_river, layout_misc_corridors, serial_bayou_crossing,
          grunt_megastairs_4
Lair:2:   minmay_lair_oklob_chamber, layout_small_grid, minmay_shoals_entry_hut
Lair:3:   layout_loops_ring, nicolae_snake_entry_squirm, nicolae_lair_lindhole
Lair:4:   layout_regular_city, beast_lair_carwin_10, grunt_megastairs_1,
          infiniplex_staircase_pool
Lair:5:   hangedman_lair_caniforms_friends, layout_regular_city, wormcave,
          slime_entry_1, lemuel_fruit_tree, grunt_megastairs_5,
          serial_bayou_shore_a
Shoals:1: layout_shoals
Shoals:2: layout_shoals, nicolae_shoals_water_shrine
Shoals:3: layout_shoals, uniq_mlioglotl
Shoals:4: shoals_end_hellmonk_lost_city, serial_shops, uniq_polyphemus
Snake:1:  layout_onion_interference
Snake:2:  gammafunk_sealed_arena, layout_cave_town, nicolae_large_snake_swirl,
          minmay_shop_grove
Snake:3:  layout_onion
Snake:4:  grunt_snake_rune_spirals, layout_onion_interference
Orc:1:    layout_diamond_mine
Orc:2:    pf_orc_diabolical, layout_caves, serial_shops, nicolae_shop_rolled_up,
          mines3_lemuel
Elf:1:    minmay_elf_arrival_summoners, layout_loops_corners,
          hangedman_elf_represent, nicolae_elf_big_sculpture_1,
          elves_outpost_lemuel, uniq_agnes
Elf:2:    elven_hall_of_blades_hangedman_original
          [infiniplex_blade_entry_pillars], layout_rooms, serial_shops,
          nicolae_shop_back_alley_shop, portal_ice_cave_entry_pillars_four,
          due_unseen_surprise
Elf:3:    minmay_elf_hall_spiked, layout_gridlike, basic_altar,
          grunt_megastairs_3, uniq_donald, uniq_bai_suzhen
Vaults:1: nicolae_vaults_stepped_doors, hangedman_vaults_maws,
          nicolae_vaults_inception_corners, v_misc_9, v_misc_30,
          nicolae_vaults_murderbox, v_misc_15, nicolae_vaults_apartment_1,
          nicolae_vaults_tetromino_Z_1, grunt_vaults_funnel,
          layout_vaults_chaotic_city
Vaults:2: vaults_room_grunt_arrival_ludios, hangedman_vaults_capsules,
          nicolae_vaults_big_ls, vaults_mumra_hex,
          nicolae_vaults_big_angled_halls, ontoclasm_vaults_fault,
          nicolae_vaults_shipping_containers_2, minmay_crypt_entry_simple_box,
          nicolae_vaults_storage_closets_2, layout_vaults_omnigrid
Vaults:3: hangedman_vaults_nails, nicolae_vaults_tangram_1,
          ontoclasm_vaults_gateway, vaults_room_stairs_pillars,
          vaults_room_semicircle, nicolae_vaults_surprise_closet_hard,
          nicolae_vaults_diagonal_hallway_9, vaults_dpeg_diagonal,
          nicolae_vaults_storage_closets_3, nicolae_vaults_tangram_1,
          nicolae_vaults_lightning_bolt, ontoclasm_vaults_ligature,
          ontoclasm_vaults_chip, layout_vaults_omnibox
Vaults:4: nicolae_vaults_rhombus_6, nicolae_vaults_theta, vaults_dpeg_doors,
          nicolae_vaults_layer_cake_slice, nicolae_vaults_house_2,
          vaults_mumra_minichess_inversion, hangedman_vaults_corner_blocks,
          v_rooms_6, nicolae_vaults_diagonal_hallway_6,
          nicolae_vaults_tetromino_T_2, nicolae_vaults_diagonal_hallway_9,
          nicolae_vaults_tetromino_T_2, nicolae_vaults_rhombus_5,
          layout_vaults_omnicross, serial_shops,
          nicolae_shop_just_a_little_nook, shop, nicolae_shop_tiny_glass, shop,
          shop
Vaults:5
Depths:1: layout_gridville, hell_entry, minmay_misc_feat_iff, minivault_16,
          serial_bayou_pond_c, hex_tiny, st_stairs_4, nicolae_ru_path_of_blood
Depths:2: minmay_roctagon, layout_gridlike, grunt_hell_entry_demonic_statue,
          grunt_pan_entry_in_and_out, abyss_entry, serial_bayou_shore_b
Depths:3: vault_1, layout_gridlike, mu_enter_wizlab_4, serial_shops,
          nicolae_stop_n_shop_1, nicolae_shop_hallway_stairs,
          nicolae_shop_tiny_glass, nemelex_diamond_rough_becter, hell_entry,
          marbit_kobold_abyss_entry, nicolae_gozag_seed_capital
Depths:4: grunt_crosshair, layout_honeycomb, enter_ziggurat_f, hell_entry,
          abyss_entry_small_statue_room
Zot:1:    layout_cathedral_of_symmetry, gammafunk_ghost_mausoleum, st_stairs_12
Zot:2:    ebering_greatest_show_in_zot, layout_basic, skrybe_zot_glass_3
Zot:3:    layout_misc_corridors, zot_minivault_1, uniq_vv, uniq_tiamat
Zot:4:    layout_twisted_circle
Zot:5:    layout_onion

Skill      XL: |  1  2  3  4  5  6  7  8  9 10 11 12 13 14 15 16 17 18 19 20 21 22 23 24 25 26 27 |
---------------+----------------------------------------------------------------------------------+-----
Fighting       | 2 3 4 5 7 10 11 15 19 20 | 20.0
Polearms       | 2 4 7 8 11 12 14 15 19 20 | 20.0
Armour         | 4 5 9 10 11 13 15 | 15.0
Dodging        | 5 8 10 13 15 22 | 22.3
Shields        | 4 5 8 10 13 15 | 15.0
Invocations    | 4 10 | 10.0
Throwing       | 7 10 15 16 | 16.0
Hexes          | 4 6 10 12 | 12.0
Air Magic      | 4 6 10 12 | 12.0
Spellcasting   | 3 5 6 |  6.0
Stealth        | |  1.5
Evocations     | |  3.0

Action                     |  1- 3 |  4- 6 |  7- 9 | 10-12 | 13-15 | 16-18 | 19-21 | 22-24 | 25-27 || total
---------------------------+-------+-------+-------+-------+-------+-------+-------+-------+-------++-------
  Melee: Club              |     4 |       |       |       |       |       |       |       |       ||     4
         Dagger            |    20 |       |       |       |       |       |       |       |       ||    20
         Punch             |     1 |       |     3 |       |       |       |       |       |       ||     4
         Short sword       |    40 |     5 |       |       |       |       |       |       |       ||    45
         Trident           |       |   171 |   186 |   635 |  1299 |  1402 |       |       |       ||  3693
         Halberd           |       |       |   204 |   122 |       |       |       |       |       ||   326
         Constrict         |       |       |       |       |   261 |   262 |   134 |   275 |   329 ||  1261
         Demon trident     |       |       |       |       |       |   231 |   766 |  1492 |  2201 ||  4690
  Throw: Boomerang         |       |       |       |     3 |       |    52 |    25 |    17 |    69 ||   166
         Javelin           |       |       |       |       |       |       |       |       |    12 ||    12
   Cast: Silence           |       |       |       |       |       |       |     2 |    11 |     4 ||    17
 Invoke: Temporal Distorti |       |       |       |       |       |     6 |       |     2 |     5 ||    13
         Slouch            |       |       |       |       |       |     6 |     5 |       |    13 ||    24
Ability: Spit Poison       |    44 |    39 |    43 |    16 |     3 |       |       |       |       ||   145
  Evoke: Wand              |     2 |    19 |     8 |     5 |     6 |       |     1 |       |     3 ||    44
         Phial of floods   |       |       |       |       |     1 |       |       |       |       ||     1
         Phantom mirror    |       |       |       |       |       |       |       |       |     1 ||     1
    Use: Scroll            |     1 |     4 |     5 |     4 |     7 |    22 |     3 |     3 |    15 ||    64
         Potion            |       |     3 |     3 |       |       |       |     1 |     3 |    13 ||    23
   Stab: Invisible         |       |     3 |       |       |       |       |       |       |       ||     3
         Distracted        |       |       |       |     2 |     1 |       |     1 |     2 |     2 ||     8
 Armour: Leather armour    |    12 |    59 |       |       |       |       |       |       |       ||    71
         Scale mail        |       |       |   199 |   214 |       |       |       |       |       ||   413
         Plate armour      |       |       |       |     4 |   338 |   425 |   112 |   208 |   491 ||  1578
  Dodge: Dodged            |    26 |    85 |   145 |   282 |   318 |   340 |   113 |   189 |   569 ||  2067
  Block: Kite shield       |       |       |       |   283 |       |       |       |       |       ||   283
         Tower shield      |       |       |       |    24 |  1180 |  1433 |   636 |  1203 |  2161 ||  6637
         Reflection        |       |       |       |       |       |       |    50 |   111 |    50 ||   211
